 Dungeon Crawl Stone Soup version 0.31-a0-1388-g4b2ba238e7 (webtiles) character file.

Game seed: 6175275623377661124

154 MisterAzrael the Magician (level 5, -1/37 HPs)
             Began as a Djinni Fire Elementalist on Dec 25, 2023.
             Slain by an orc wizard
             ... wielding a +0 dagger
              (3 damage)
             ... on level 4 of the Dungeon.
             The game lasted 00:05:41 (3619 turns).

MisterAzrael the Magician (DjFE)                    Turns: 3619, Time: 00:05:42

Health: -1/37      AC:  3    Str:  9    XL:     5   Next: 62%
Gold:   177        EV: 12    Int: 22    God:
                   SH:  0    Dex: 14

rFire   + + .        o - +0 great sword
rCold   x . .        (shield currently unavailable)
rNeg    . . .        a - +1 robe
rPois   ∞            (no helmet)
rElec   .            (no cloak)
rCorr   .            (no gloves)
SInv    .            (boots unavailable)
Will    .....        (no amulet)
Stlth   +            j - +6 ring of intelligence
HPRegen 0.26/turn    k - +4 ring of slaying
MPRegen 0.00/turn

%: infuse magic (-2 HP)
@: confused, flying
A: sickness immunity, fire resistance 2, cold vulnerability 1, float, innate
caster, HP casting, extra vitality 1
a: no special abilities


You were on level 4 of the Dungeon.
You visited 1 branch of the dungeon, and saw 4 of its levels.

You collected 177 gold pieces.

Inventory:

Hand Weapons
 o - a +0 great sword (weapon)
Armour
 a - a +1 robe (worn)
 d - a +0 leather armour
Jewellery
 j - a +6 ring of intelligence (left hand)
 k - a +4 ring of slaying (right hand)
Talismans
 l - a serpent talisman
Scrolls
 b - a scroll of identify {unknown}
 g - 2 scrolls of teleportation {unknown}
 i - 4 scrolls of vulnerability {unknown}
 m - 2 scrolls of revelation {unknown}
Potions
 c - a potion of ambrosia {unknown}
 e - a potion of heal wounds {unknown}
 f - a potion of resistance {unknown}
 h - 2 potions of curing


   Skills:
 + Level 1.4 Fighting
 - Level 1.6 Long Blades
 + Level 1.4 Armour
 - Level 2.7 Dodging
 - Level 2.0 Stealth
 * Level 3.9 Spellcasting
 * Level 3.9 Conjurations
 * Level 3.9 Hexes
   Level 0.0 Charms
 * Level 3.9 Summonings
 * Level 3.9 Necromancy
 * Level 3.9 Translocations
   Level 0.0 Transmutations
 * Level 3.9 Fire Magic
 * Level 3.9 Ice Magic
 * Level 3.9 Air Magic
 * Level 3.9 Earth Magic
 * Level 3.9 Alchemy
 * Level 0.1 Shapeshifting


You knew the following spells:

 Your Spells              Type           Power      Damage    Failure   Level
a - Foxfire               Conj/Fire      84%        2x1d8     2%          1
b - Scorch                Fire           42%        2d6       3%          2
c - Volatile Blastmotes   Fire/Tloc      42%        2d13      7%          3
d - Inner Flame           Hex/Fire       21%        N/A       7%          3
e - Flame Wave            Conj/Fire      21%        2d8       22%         4
f - Freeze                Ice            84%        1d9       2%          1
g - Static Discharge      Conj/Air       42%        3-5/arc   3%          2
Your spell library was empty.

Dungeon Overview and Level Annotations

Branches:
Dungeon (4/15)
 Temple: D:4-7

Altars:
Qazlal
Ru


Innate Abilities, Weirdness & Mutations

You are immune to sickness and miasma.
You are immune to poison.
Your flesh is very heat resistant. (rF++)
You are vulnerable to cold. (rC-)
You float through the air rather than walking.
You learn spells naturally, not from books.
Your magical power is your life essence.
You have superior vitality. (+4 MHP)


Message History

Casting: Flame Wave (extremely dangerous; 22% risk of failure)
Press: ? - help, Dir - look around, f - activate A wave of flame ripples out!
The flame wave engulfs the orc!
You kill the orc!
The flame wave engulfs the orc.
The orc is heavily wounded.
The flame wave engulfs the orc wizard!
The orc wizard is almost dead.
The flame wave engulfs the hound!
The hound is severely wounded. (Press . to intensify the flame waves.)
You hear a shout!
The hound barely misses you.
You hear some strange, mumbled words.
You are confused.
The orc misses you.
The orc wizard points at you and mumbles some strange words.
You resist with some effort.
An orc priest comes into view. It is wielding a +0 trident.
The hound bites you but does no damage. The orc hits you with a +0 club.
The orc wizard hits you with a +0 dagger.
The hound bites you.
You're too confused to cast spells.
Okay, then.
The hound bites you.
The orc wizard hits you with a +0 dagger.
The hound attacks as it pursues you! The hound closely misses you.
The orc wizard attacks as it pursues you!
The orc wizard hits you with a +0 dagger.
The hound misses you.
The orc priest calls down the wrath of Beogh upon you.
Beogh smites you!
* * * LOW HITPOINT WARNING * * *
You slash the hound!
You kill the hound!
The orc wizard gestures at you while chanting.
You are more confused.
Something hits you.
You die...

.#...........#r# ........
.............#.# ........
#..####.....#.# ####
........ .##....#.....#.#
...# ........
.......#.....#.# ...#
##...##+ ...............#
...# #...
............#####...####...
###.##......#.o.........
#........###@...)......
.............o...o.....
...[.....###...........
.......... ##...=......
..##....... #.......... ..
#....... #..........
#....... ...........
#.......##.#####.... #.....
.[. ...


You could see an orc priest, an orc wizard and an orc.

Vanquished Creatures
  A hound (D:4)
  Jessica (D:3)
  Terence (D:3)
  An adder (D:3)
  A worm (D:2)
  2 dart slugs
  6 orcs
  5 ball pythons
  9 bats
  5 endoplasms
  4 giant cockroaches
  5 goblins
  2 hobgoblins
  8 jackals
  6 quokkas
  2 frilled lizards (D:1)
  7 kobolds
  8 rats
74 creatures vanquished.

Vanquished Creatures (others)
  147 foxfires
147 creatures vanquished.

Grand Total: 221 creatures vanquished

Notes
Turn   | Place    | Note
-------+----------+-------------------------------------------
     0 | D:1      | MisterAzrael the Djinni Fire Elementalist began the quest
                  | for the Orb.
     0 | D:1      | MisterAzrael set off with the following spells memorised:
                  | Foxfire, Scorch, Volatile Blastmotes, Inner Flame, Flame
                  | Wave.
     0 | D:1      | Reached XP level 1. HP: 15/15 MP: 0/0
   120 | D:1      | Reached XP level 2. HP: 20/21 MP: 0/0
   359 | D:1      | Reached XP level 3. HP: 23/25 MP: 0/0
   359 | D:1      | Learned a level 1 spell: Freeze
  1656 | D:2      | Reached XP level 4. HP: 29/31 MP: 0/0
  2679 | D:3      | Noticed Jessica
  2694 | D:3      | Killed Jessica
  2695 | D:3      | Reached skill level 1 in Fighting
  2695 | D:3      | Reached skill level 1 in Armour
  2696 | D:3      | Reached skill level 1 in Long Blades
  2864 | D:3      | Noticed Terence
  2868 | D:3      | Killed Terence
  2869 | D:3      | Reached XP level 5. HP: 32/37 MP: 0/0
  2869 | D:3      | Learned a level 2 spell: Static Discharge
  2923 | D:3      | Found a sacrificial altar of Ru.
  3070 | D:3      | Found a stormy altar of Qazlal.
  3618 | D:4      | HP: 1/37 [orc priest/divine providence (14)]
  3619 | D:4      | Slain by an orc wizard

Illustrated notes

Levels and vault maps discovered:
D:1:      minmay_arrival_checkered_box, layout_basic
D:2:      layout_basic, minmay_ruptured
D:3:      layout_loops_ring, mainiacjoe_overflow_catwalk_spiral, uniq_jessica,
          uniq_terence
D:4:      layout_basic, nemelex_dance_club_becter, minmay_temple_entry_statues,
          minmay_joined_circles, uniq_crazy_yiuf_cottage, uniq_edmund

Skill      XL: |  1  2  3  4 |
---------------+-------------+-----
Stealth        | 2 |  2.0
Fighting       | 1 |  1.4
Armour         | 1 |  1.4
Long Blades    | 1 |  1.6
Dodging        | |  2.7
Spellcasting   | |  3.9
Conjurations   | |  3.9
Hexes          | |  3.9
Summonings     | |  3.9
Necromancy     | |  3.9
Translocations | |  3.9
Fire Magic     | |  3.9
Ice Magic      | |  3.9
Air Magic      | |  3.9
Earth Magic    | |  3.9
Alchemy        | |  3.9
Shapeshifting  | |  0.1

Action                     |  1- 3 |  4- 6 || total
---------------------------+-------+-------++-------
  Melee: Unarmed           |     2 |       ||     2
         Great sword       |     2 |    44 ||    46
   Cast: Foxfire           |    76 |    17 ||    93
         Scorch            |       |     8 ||     8
         Volatile Blastmot |       |     3 ||     3
         Static Discharge  |       |     1 ||     1
         Inner Flame       |       |     1 ||     1
         Flame Wave        |       |     1 ||     1
    Use: Scroll            |       |     4 ||     4
         Potion            |       |     2 ||     2
 Armour: Robe              |    16 |    66 ||    82
  Dodge: Dodged            |    15 |    71 ||    86

Table legend: (Time is in decaauts)
 A = Elapsed time spent in this place.
 B = Non-inter-level travel time spent in this place.
 C = Inter-level travel time spent in this place.
 D = Time resting spent in this place.
 E = Time spent auto-exploring this place.
 F = Levels seen in this place.
 G = Mean time per level.
                   A        B        C        D        E       F      G
               +--------+--------+--------+--------+--------+-----+--------+
         Total |   3646 |   3550 |     96 |    620 |   2424 |   4 |  911.5 |
       Dungeon |   3646 |   3550 |     96 |    620 |   2424 |   4 |  911.5 |
               +--------+--------+--------+--------+--------+-----+--------+

Top non-repeatable levels by time:
     D:2: 1486 daAuts
     D:1: 1197 daAuts
     D:3: 840 daAuts
     D:4: 121 daAuts
